 Dungeon Crawl Stone Soup version 0.27.1-16-g815e20cd7a (webtiles) character file.

Game seed: 15913299919731056348

41 spaced the Skirmisher (level 3, 0/24 HPs)
             Began as a Gargoyle Monk on Nov 23, 2021.
             Was a Believer of Yredelemnul.
             Slain by a goblin (3 damage)
             ... led by Robin
             ... on level 2 of the Dungeon.
             The game lasted 00:05:40 (1613 turns).

spaced the Skirmisher (Gargoyle Monk)               Turns: 1613, Time: 00:05:40

Health: 0/24       AC:  5    Str: 15    XL:     3   Next: 52%
Magic:  1/3        EV: 12    Int: 16    God:    Yredelemnul [**....]
Gold:   99         SH:  0    Dex: 12    Spells: 2/2 levels left

rFire    . . .     SeeInvis .   a - +0 mace
rCold    . . .     Faith    .   (no shield)
rNeg     + . .     Spirit   .   b - +0 robe
rPois    ∞         Reflect  .   (no helmet)
rElec    +         Harm     .   (no cloak)
rCorr    .         Rampage  .   (no gloves)
Will     .....                  (no boots)
Stlth    ++........             (no amulet)
HPRegen  0.08/turn              g - +6 ring of intelligence
MPRegen  0.08/turn              (no ring)

@: mirroring injuries
A: sickness immunity, AC +3, negative energy resistance 1, electricity
resistance, torment resistance 1, petrification resistance
a: Renounce Religion, Animate Remains, Recall Undead Slaves, Injury Mirror


You were on level 2 of the Dungeon.
You worshipped Yredelemnul.
Yredelemnul was pleased with you.
You visited 1 branch of the dungeon, and saw 2 of its levels.

You collected 99 gold pieces.

Inventory:

Hand Weapons
 a - a +0 mace (weapon)
 c - a +0 whip of freezing
 h - a +0 dagger of flaming
Missiles
 d - 74 stones (quivered)
Armour
 b - a +0 robe (worn)
Magical Staves
 e - a staff of death
Jewellery
 g - a +6 ring of intelligence (left hand)
Scrolls
 f - 3 scrolls of identify {unknown}
 k - a scroll of vulnerability {unknown}
Potions
 i - a potion of lignification {unknown}
 j - a potion of degeneration {unknown}


   Skills:
 + Level 3.7 Fighting
 + Level 3.3 Maces & Flails
 + Level 2.8 Dodging
 + Level 2.5 Stealth
 * Level 1.1 Evocations


You had 2 spell levels left.
You didn't know any spells.
Your spell library was empty.

Dungeon Overview and Level Annotations

Branches:
Dungeon (2/15)

Altars:
Yredelemnul

Annotations:
D:2 Robin


Innate Abilities, Weirdness & Mutations

You are immune to sickness and miasma.
Your stone body is resilient. (AC +3)
You are immune to poison.
You resist negative energy. (rN+)
You are resistant to electric shocks. (rElec)
You are resistant to unholy torment.
You are immune to petrification.


Message History

Yredelemnul mirrors your injury!
The goblin is moderately wounded.
The hobgoblin barely misses your goblin zombie.
You hit the goblin.
You kill the goblin!
Yredelemnul accepts your kill. The goblin hits you with a +0 dagger.
* * * LOW HITPOINT WARNING * * *
Yredelemnul mirrors your injury!
You kill the goblin!
Yredelemnul accepts your kill.
Your goblin zombie hits the hobgoblin with a +0 dagger.
Your goblin zombie hits Robin but does no damage.
The hobgoblin closely misses your goblin zombie.
The hobgoblin hits your goblin zombie.
Your goblin zombie barely misses the hobgoblin.
The hobgoblin closely misses your goblin zombie.
Your goblin zombie hits the hobgoblin with a +0 dagger.
The hobgoblin hits your goblin zombie.
Your goblin zombie is destroyed!
Things that are here:
a +0 dagger; a goblin corpse You don't know any spells.
Okay, then.
The hobgoblin no longer looks unusually strong.
The hobgoblin hits your goblin zombie!
Your goblin zombie misses the hobgoblin.
Robin throws the goblin at you! The hobgoblin hits your goblin zombie.
Your goblin zombie is destroyed!
The goblin hits you with a +0 club.
* * * LOW HITPOINT WARNING * * *
Yredelemnul mirrors your injury!
The goblin is heavily wounded.
You can no longer animate legions of the dead.
Yredelemnul will no longer gift you servants.
The goblin no longer looks unusually strong.
Robin throws the goblin at you! The goblin hits you but does no damage.
The goblin hits you with a +0 club.
You die...
Your body rises from the dead as a mindless zombie. ......'............>...'.#.# .....g##g####.#####....###.# ..ggg

#)g#
#.############.#
...g ##g#
#............... ...
#g###.##############
..
#.)##.#.............
.
##)##.#.############
#.##.#...# #
#g@#.###.# ########
##g#.# #.# #......#
#(#.# #.# #......#
#.#.# #.###......#
.#######...#
#...'......#
...........#
#####......#
.#######.(.#
#......# #..>#
##'##### #.###
#.......


You could see Robin, 2 hobgoblins and 3 goblins.

Vanquished Creatures
  An adder (D:2)
  4 ball pythons (D:1)
  3 bats
  2 endoplasms (D:1)
  6 goblins
  2 hobgoblins (D:1)
  A quokka (D:1)
  2 frilled lizards
  3 kobolds
  3 rats
27 creatures vanquished.

Vanquished Creatures (others)
  2 goblin zombies (D:2)
2 creatures vanquished.

Grand Total: 29 creatures vanquished

Notes
Turn   | Place    | Note
-------+----------+-------------------------------------------
     0 | D:1      | spaced the Gargoyle Monk began the quest for the Orb.
     0 | D:1      | Reached XP level 1. HP: 14/14 MP: 1/1
   386 | D:1      | Reached XP level 2. HP: 18/19 MP: 2/2
   769 | D:1      | Found a faded altar of an unknown god.
   780 | D:1      | Became a worshipper of Yredelemnul the Dark
   780 | D:1      | Reached * piety under Yredelemnul
   780 | D:1      | Reached ** piety under Yredelemnul
  1335 | D:2      | Reached XP level 3. HP: 23/23 MP: 3/3
  1424 | D:2      | Reached *** piety under Yredelemnul
  1552 | D:2      | Reached skill level 1 in Evocations
  1595 | D:2      | Identified the +0 helmet of Courage {Fly rElec rF- rC++}
  1595 | D:2      | Noticed Robin
  1613 | D:2      | Slain by a goblin

Illustrated notes

Levels and vault maps discovered:
D:1:      scummos_arrival_simple_fountains, layout_basic,
          ebering_ecumenical_altar_sacrificial, minmay_split_cup_large
D:2:      layout_basic, minmay_misc_feat_iff, grunt_ministairs_1, uniq_robin,
          uniq_terence, uniq_sigmund

Skill      XL: |  1  2  3 |
---------------+----------+-----
Evocations     | 1 |  1.1
Fighting       | |  3.7
Maces & Flails | |  3.3
Dodging        | |  2.8
Stealth        | |  2.5

Action                   || total
-------------------------++-------
Melee: Mace              ||    78
Invok: Animate Remains   ||     1
       Injury Mirror     ||     1
       Animate Dead      ||     1
 Stab: Sleeping          ||     6
Armor: Robe              ||    30
Dodge: Dodged            ||    67
